 Dungeon Crawl Stone Soup version 0.30.1-9-gdf580d7c3d (webtiles) character file.

Game seed: 3271601348212692278

14418770 Amplified the Demon Slayer (level 27, 273/273 HPs)
             Began as a Hill Orc Gladiator on Sept 30, 2023.
             Was a High Priest of the Shining One.
             Escaped with the Orb
             ... and 12 runes!
             The game lasted 02:23:33 (68827 turns).

Amplified the Demon Slayer (Hill Orc Gladiator)    Turns: 68827, Time: 02:23:34

Health: 273/273    AC: 33    Str: 25    XL:     27
Magic:  40/40      EV: 24    Int: 23    God:    the Shining One [*****.]
Gold:   6504       SH: 20    Dex: 13    Spells: 41/53 levels left

rFire   + + +        f - +4 consecrated labrys {holy, Valiant Fragile Fly SInv}
rCold   + + +        u - +5 kite shield {reflect}
rNeg    + + +        J - +6 chain mail {rF+}
rPois   +            g - -2 hat of the Alchemist {rElec rPois rF+ rC+ rN+ Will+ rMut rCorr}
rElec   +            U - +3 cloak of the Tick {Int+6 Slay+5 Stlth+}
rCorr   +            i - +0 pair of fencer's gloves {Riposte Dex+3}
SInv    +            w - +2 pair of boots of the Monkey {rC+}
Will    ++++.        d - amulet of Dytonwilihu {Regen+ Slay+3} Stlth
                     t - ring "Wuloser" {rPois rF+ EV+5 Str+2 Int+3}
HPRegen 1.45/turn    c - ring "Vigeigum" {rC+ Will+}
MPRegen 0.27/turn

%: reflection, resist mutation
@: flying, glowing
A: talons 1, clumsy 1, weak 1, inability to read after injury 1
0: Orb of Zot
}: 12/15 runes: serpentine, barnacled, slimy, silver, obsidian, bone, abyssal,
demonic, glowing, magical, fiery, dark
a: Renounce Religion, Divine Shield, Cleansing Flame, Summon Divine Warrior


You escaped.
You worshipped the Shining One.
The Shining One was extremely pleased with you.
You visited 17 branches of the dungeon, and saw 76 of its levels.
You visited Pandemonium 2 times, and saw 11 of its levels.
You visited the Abyss 3 times.
You visited 2 bazaars.
You visited 1 ziggurat, and saw 9 of its levels.
You also visited: Sewer, Bailey, Ice Cave and Volcano.

You collected 14192 gold pieces.
You spent 7688 gold pieces at shops.

Inventory:

Hand Weapons
 f - the +4 consecrated labrys (weapon) {holy, Valiant Fragile Fly SInv}
   (You took it off a deep elf annihilator on level 3 of the Elven Halls)

   Valiant:   It becomes more powerful as more dangerous foes come into view.
   SInv:      It lets you see invisible.
   Fly:       It grants you flight.
   Fragile:   It will be destroyed if unequipped.
 C - a +9 broad axe of venom
 K - a +8 sacred scourge of holy wrath
Missiles
 P - 23 curare-tipped darts
 T - 14 throwing nets (quivered)
Armour
 g - the -2 hat of the Alchemist (worn) {rElec rPois rF+ rC+ rN+ Will+ rMut rCorr}
   (You found it on level 3 of the Crypt)

   rF:        It protects you from fire.
   rC:        It protects you from cold.
   rElec:     It insulates you from electricity.
   rPois:     It protects you from poison.
   rN:        It protects you from negative energy.
   rCorr:     It protects you from acid and corrosion.
   rMut:      It protects you from mutation.
   Will:      It increases your willpower.
 i - the +0 pair of fencer's gloves (worn) {Riposte Dex+3}
   (You found it on level 3 of the Elven Halls)

   Riposte:   It allows the wearer to riposte with melee weapons, swiftly
   retaliating against missed or blocked melee attacks.
   Dex:       It affects your dexterity (+3).
 u - a +5 kite shield of reflection (worn)
 w - the +2 pair of boots of the Monkey (worn) {rC+}
   (You acquired it on level 2 of the Vaults)

   rC:        It protects you from cold.
 J - a +6 chain mail of fire resistance (worn)
 U - the +3 cloak of the Tick (worn) {Int+6 Slay+5 Stlth+}
   (You found it on level 5 of the Lair of Beasts)

   Int:       It affects your intelligence (+6).
   Slay:      It affects your accuracy & damage with ranged weapons and melee
   (+5).
   Stlth:     It makes you more stealthy.
Jewellery
 c - the ring "Vigeigum" (right hand) {rC+ Will+}
   (You found it on level 5 of the Vaults)

   [ring of protection from cold]

   rC:        It protects you from cold.
   Will:      It increases your willpower.
 d - the amulet of Dytonwilihu (around neck) {Regen+ Slay+3}
   (You took it off a deep elf death mage on level 3 of the Elven Halls)

   [amulet of regeneration]

   Slay:      It affects your accuracy & damage with ranged weapons and melee
   (+3).
   Regen:     It increases your rate of health regeneration.
 q - the ring of Peace {rPois rCorr SInv}
   (You found it on level 7 of Tartarus)

   [ring of see invisible]

   rPois:     It protects you from poison.
   SInv:      It lets you see invisible.
   rCorr:     It protects you from acid and corrosion.
 s - the ring "Huumics" {rPois EV+5 Int+3}
   (You found it on level 3 of the Crypt)

   [ring of evasion]

   EV:        It affects your evasion (+5).
   Int:       It affects your intelligence (+3).
   rPois:     It protects you from poison.
 t - the ring "Wuloser" (left hand) {rPois rF+ EV+5 Str+2 Int+3}
   (You found it on level 9 of a ziggurat)

   [ring of evasion]

   EV:        It affects your evasion (+5).
   Str:       It affects your strength (+2).
   Int:       It affects your intelligence (+3).
   rF:        It protects you from fire.
   rPois:     It protects you from poison.
 H - the dreamshard necklace {*Dream Drain}
   (You found it on level 9 of a ziggurat)

   [amulet of nothing]

   *Dream:    It shatters if its wearer takes lethal or near-lethal damage,
   preventing the blow and releasing protective dreams that heal and fight for
   the wearer.
   Drain:     It drains your maximum health when unequipped.
 M - the ring "Kior" {Will- EV+5 Str+2 Int+7 Dex-2}
   (You took it off an efreet in Pandemonium)

   [ring of evasion]

   EV:        It affects your evasion (+5).
   Str:       It affects your strength (+2).
   Int:       It affects your intelligence (+7).
   Dex:       It affects your dexterity (-2).
   Will:      It decreases your willpower.
 Q - the ring of Miracles {rC+ rCorr}
   (You found it on level 2 of the Snake Pit)

   [ring of resist corrosion]

   rC:        It protects you from cold.
   rCorr:     It protects you from acid and corrosion.
 V - the ring of the Morning {AC+4 Dex+5 Slay+2}
   (You bought it in a shop on level 2 of the Orcish Mines)

   [ring of protection]

   AC:        It affects your AC (+4).
   Dex:       It affects your dexterity (+5).
   Slay:      It affects your accuracy & damage with ranged weapons and melee
   (+2).
Wands
 h - a wand of light (18)
 l - a wand of flame (84)
 I - a wand of paralysis (85)
 L - a wand of polymorph (42)
 R - a wand of roots (47)
 S - a wand of mindburst (42)
Scrolls
 a - 2 scrolls of magic mapping
 m - 5 scrolls of brand weapon
 n - 6 scrolls of blinking
 o - 26 scrolls of teleportation
 x - 4 scrolls of poison
 y - 3 scrolls of fog
 A - 5 scrolls of silence
 B - 5 scrolls of summoning
 E - 8 scrolls of fear
 N - 12 scrolls of amnesia
Potions
 j - 10 potions of flight
 k - 4 potions of resistance
 p - 12 potions of heal wounds
 r - 5 potions of mutation
 z - 6 potions of brilliance
 D - 2 potions of might
 F - 23 potions of curing
 G - 4 potions of cancellation
 O - 2 potions of berserk rage
 Z - 4 potions of ambrosia


   Skills:
 O Level 27 Fighting
 - Level 20.3 Long Blades
 - Level 25.6(27) Axes
 - Level 5.9(15.6) Maces & Flails
 - Level 15.9(20.9) Polearms
 - Level 1.7 Throwing
 O Level 27 Armour
 * Level 22.7 Dodging
 - Level 21.1 Shields
 * Level 13.9 Spellcasting
 - Level 8.9 Hexes
 - Level 12.1 Transmutations
 - Level 8.1 Ice Magic
 - Level 7.4 Air Magic
 - Level 11.9 Poison Magic
 O Level 27 Invocations


You had 41 spell levels left.
You knew the following spells:

 Your Spells              Type           Power      Damage    Failure   Level
a - Frozen Ramparts       Ice            100%       1d16      1%          3
b - Silence               Hex/Air        26%        N/A       9%          5
c - Airstrike             Air            25%        2d(4-20)  4%          4

Your spell library contained the following spells:

 Spells                   Type           Power      Damage    Failure   Level
 Freeze                   Ice            100%       1d10      1%          1
 Slow                     Hex            100%       N/A       1%          1
 Sting                    Tmut/Pois      100%       1d8       1%          1
 Cigotuvi's Dreadful Rot  Necr/Pois/Air  90%        N/A       1%          2
 Ensorcelled Hibernation  Hex/Ice        100%       N/A       1%          2
 Passwall                 Tmut/Erth      35%        N/A       1%          2
 Poisonous Vapours        Pois/Air       100%       N/A       1%          2
 Confusing Touch          Hex            55%        N/A       1%          3
 Ignite Poison            Fire/Tmut/Pois 52%        N/A       1%          3
 Mephitic Cloud           Conj/Pois/Air  45%        N/A       1%          3
 Ozocubu's Armour         Ice            52%        N/A       1%          3
 Spider Form              Tmut/Pois      64%        N/A       1%          3
 Swiftness                Air            50%        N/A       1%          3
 Tukima's Dance           Hex            55%        N/A       1%          3
 Ice Form                 Ice/Tmut       58%        N/A       1%          4
 Olgreb's Toxic Radiance  Pois           63%        N/A       1%          4
 Alistair's Intoxication  Tmut/Pois      42%        N/A       1%          5
 Blade Hands              Tmut           32%        N/A       1%          5
 Cause Fear               Hex            27%        N/A       2%          4
 Static Discharge         Conj/Air       66%        2-5/arc   3%          2
 Inner Flame              Hex/Fire       36%        N/A       4%          3
 Portal Projectile        Hex/Tloc       72%        N/A       4%          3
 Summon Guardian Golem    Hex/Summ       36%        N/A       4%          3
 Hailstorm                Conj/Ice       34%        3d9       5%          3
 Petrify                  Tmut/Erth      43%        N/A       8%          4
 Metabolic Englaciation   Hex/Ice        26%        N/A       8%          5
 Apportation              Tloc           32%        N/A       10%         1
 Foxfire                  Conj/Fire      64%        2x1d7     10%         1
 Kiss of Death            Conj/Necr      64%        2d10      10%         1
 Magic Dart               Conj           64%        1d6       10%         1
 Necrotise                Necr           64%        1d7       10%         1
 Sandblast                Erth           32%        2d9       10%         1
 Summon Small Mammal      Summ           64%        N/A       10%         1
 Eringya's Noxious Bog    Tmut/Pois      32%        N/A       10%         6
 Blink                    Tloc           32%        N/A       14%         2
 Call Imp                 Summ           32%        N/A       14%         2
 Lesser Beckoning         Tloc           32%        N/A       14%         2
 Momentum Strike          Conj/Tloc      32%        3d8       14%         2
 Searing Ray              Conj           32%        2d5       14%         2
 Sublimation of Blood     Necr           16%        N/A       14%         2
 Anguish                  Hex/Necr       18%        N/A       14%         4
 Fulminant Prism          Conj/Hex       18%        3d11      14%         4
 Leda's Liquefaction      Hex/Erth       18%        N/A       14%         4
 Summon Ice Beast         Ice/Summ       34%        N/A       17%         4
 Summon Lightning Spire   Summ/Air       33%        N/A       21%         4
 Irradiate                Conj/Tmut      21%        3d18      22%         5
 Call Canine Familiar     Summ           16%        N/A       28%         3
 Stone Arrow              Conj/Erth      32%        3d9       28%         3
 Vampiric Draining        Necr           16%        2d7       28%         3
 Volatile Blastmotes      Fire/Tloc      32%        2d12      28%         3
 Freezing Cloud           Conj/Ice/Air   19%        6-21      30%         5
 Summon Mana Viper        Hex/Summ       36%        N/A       38%         5
 Animate Armour           Summ/Erth      32%        N/A       67%         4
 Dispel Undead            Necr           16%        3d10      67%         4
 Flame Wave               Conj/Fire      16%        2d7       67%         4
 Iskenderun's Mystic Bla  Conj/Tloc      16%        2d5       67%         4
 Sticky Flame             Conj/Fire      16%        2d4       67%         4
 Statue Form              Tmut/Erth      28%        N/A       75%         6
 Storm Form               Tmut/Air       28%        N/A       80%         7
 Enfeeble                 Hex            27%        N/A       89%         7
 Borgnjor's Vile Clutch   Necr/Erth      8%         N/A       95%         5
 Fireball                 Conj/Fire      8%         3d6       95%         5
 Lee's Rapid Deconstruct  Erth           8%         3d7*      95%         5
 Summon Forest            Summ/Tloc      8%         N/A       95%         5
 Simulacrum               Ice/Necr       17%        N/A       95%         6
 Ozocubu's Refrigeration  Ice            26%        4d13      95%         7
 Conjure Ball Lightning   Conj/Air       16%        3x3d6     97%         6
 Plasma Beam              Fire/Air       16%        2x1d30    97%         6
 Death Channel            Necr           8%         N/A       100%        6
 Iron Shot                Conj/Erth      8%         9d3       100%        6
 Starburst                Conj/Fire      8%         6d4       100%        6
 Summon Cactus Giant      Summ           8%         N/A       100%        6
 Haunt                    Necr/Summ      8%         N/A       100%        7
 Monstrous Menagerie      Summ           8%         N/A       100%        7
 Orb of Destruction       Conj           8%         9d6       100%        7
 Summon Hydra             Summ           8%         N/A       100%        7
 Discord                  Hex            27%        N/A       100%        8
 Disjunction              Tloc           8%         N/A       100%        8
 Ignition                 Fire           8%         3d5       100%        8
 Maxwell's Capacitive Co  Air            25%        ∞         100%        8
 Summon Horrible Things   Summ           8%         N/A       100%        8
 Polar Vortex             Ice            26%        N/A       100%        9


Dungeon Overview and Level Annotations

Branches:
Dungeon (15/15)            Temple (1/1) D:7            Lair (5/5) D:9
 Shoals (4/4) Lair:2        Snake (4/4) Lair:3        Slime (5/5) Lair:5
    Orc (2/2) D:9             Elf (3/3) Orc:2        Vaults (5/5) D:13
  Crypt (3/3) Vaults:3       Tomb (0/3) Crypt:3      Depths (4/4) D:15
   Hell (visited)             Dis (2/7) Hell            Geh (7/7) Hell
    Coc (3/7) Hell            Tar (7/7) Hell            Zot (5/5) Depths:4
  Sewer (visited)          Bailey (visited)           IceCv (visited)
Volcano (visited)

Altars:
Ashenzari
Cheibriados
Dithmenos
Elyvilon
Fedhas
Gozag
Kikubaaqudgha
Makhleb
Nemelex Xobeh
Okawaru
Ru
Sif Muna
Trog
Uskayaw
Vehumet
Wu Jian
Xom
Yredelemnul
Zin
The Shining One
Beogh

Shops:
D:11 *   D:12 ?*?   D:14 [   Orc:2 =(!!=   Elf:2 ?   Snake:3 (!?=!   Vaults:1 [
Vaults:2 *(=   Vaults:3 ?*   Depths:2 [::

Portals:
Hell: Depths:1 Depths:2 Depths:3 Depths:4
Abyss: Depths:3 Depths:4
Pandemonium: Depths:1 Depths:2


Innate Abilities, Weirdness & Mutations

You have sharp toenails.
You are clumsy. (Dex -2)
You are weak. (Str -2)
You occasionally lose the ability to read scrolls when taking damage.


Message History

Your divine shield fades away.
You slash the Orb Guardian!
The Orb Guardian is lightly wounded.
The Orb Guardian misses you.
You hit the Orb Guardian but do no damage.
The Orb Guardian is lightly wounded.
You block the Orb Guardian's attack.
You hit the Orb Guardian.
The Orb Guardian is moderately wounded.
You block the Orb Guardian's attack.
You barely miss the Orb Guardian.
The Orb Guardian is moderately wounded.
You block the Orb Guardian's attack.
You hit the Orb Guardian but do no damage.
The Orb Guardian is moderately wounded.
The Orb Guardian barely misses you.
You riposte.
You hit the Orb Guardian.
The Orb Guardian is moderately wounded.
You closely miss the Orb Guardian.
The Orb Guardian is moderately wounded.
You block the Orb Guardian's attack.
You open the Orb Guardian like a pillowcase!!!!
You kill the Orb Guardian!
No target in view!
No target in view!
(D) Dungeon (T) Temple (L) Lair (A) Shoals (P) Snake Pit (M) Slime Pits (O) Orcish Mines (E) Elven Halls (V) Vaults (C) Crypt (W) Tomb (U) Depths (H) Hell (I) Dis (G) Gehenna (X) Cocytus (Y) Tartarus (Z) Zot
Where to? (Enter - D:1, ? - help)
What level of the Dungeon? (default 1, ? - help)
There is a stone staircase leading up here.
You fly upwards.
There is a stone staircase leading down here.
There is a stone staircase leading up here.
You fly upwards.
There is a stone staircase leading down here.
Okay, then.
There is a staircase leading out of the dungeon here.
You have escaped!

# #.........# ##.#### #
#####.........# #..... #
#....(........##### #>.... #
#.#P.............P# #..... #####
#.#~P...........P≈# #.....
....###.#≈~P.........P~≈# #.....
#.......#≈≈~P.....[.P~~≈# ###.##
#..##...#≈≈≈~P.....P≈~≈≈# ##.#
##......#≈≈≈~~P.@.P~~≈≈≈# ##..#
#...#..#≈≈≈≈P.....P~≈≈≈# #..##
##.###..#≈≈~P.......P~≈≈# ##.####
.....#..#≈~P.........P~≈# #....).
.##..#..#~P...........P~###..####
.##..##.#P.............P#....###.
####..#......###.......##.##.#.#.
#..#..###.###..........##...#.
####..#................###.......


There were no monsters in sight!

Vanquished Creatures
  Cerebov (Pan)
  5 pandemonium lords
  the Royal Jelly (Slime:5)
  Asmodeus (Geh:7)
  Dissolution (Slime:4)
  Gloorx Vloq (Pan)
  Ereshkigal (Tar:7)
  Mnoleg (Pan)
  Lom Lobon (Pan)
  3 dread liches (Zot:5)
  3 ancient liches
  Khufu (Crypt:3)
  4 orbs of fire
  2 juggernauts (Depths:4)
  Mennas (Pan)
  A royal mummy (Crypt:3)
  The ghost of Gaelaa the Ruinous, a veteran DgCj (Crypt:2)
  Margery (Vaults:3)
  Vashnia (Snake:4)
  Bai Suzhen (Depths:2)
  Saint Roka (Vaults:1)
  21 caustic shrikes
  5 Killer Klowns
  4 curse toes
  Nikola (Vaults:1)
  The ghost of Plog the Warrior, an adept DgCj (Depths:4)
  11 profane servitors
  9 golden dragons
  The ghost of Mucafifa the Executioner, an adept MiFi of the Shining One (Crypt:3)
  Geryon (Hell)
  19 bone dragons
  The ghost of Sensen the Slayer, an adept OgGl of Jiyva (Elf:2)
  10 doom hounds
  12 Brimstone Fiends
  18 Tzitzimimeh
  3 Hell Sentinels
  3 electric golems (Zot:2)
  9 hellephants
  3 Ice Fiends
  Jorgrun (Orc:1)
  14 tentacled monstrosities
  2 walking earthen tomes (Depths:3)
  Rupert (Lair:3)
  Zenata (Vaults:2)
  2 walking frostbound tomes (Depths:3)
  5 deep elf blademasters
  16 tainted leviathans
  9 titans
  25 Orb Guardians
  Mlioglotl (Shoals:2)
  8 liches
  6 deep elf master archers
  18 searing wretches
  22 acid blobs
  9 quicksilver dragons
  5 tentacled starspawn
  3 death cobs
  11 sphinxes
  16 ancient champions
  20 Executioners
  Gastronok (D:10)
  A kraken (Shoals:4)
  17 storm dragons
  7 tengu reavers
  12 shadow dragons
  Agnes (D:15)
  5 demonspawn warmongers
  5 revenants
  Donald (Elf:3)
  7 draconian monks
  A nagaraja (Snake:2)
  14 rockslimes
  15 azure jellies
  Louise (Shoals:1)
  16 fire giants
  A fire giant (shapeshifter) (Zig:6)
  9 draconian knights
  4 iron dragons
  16 frost giants
  9 draconian scorchers
  2 caustic shrike zombies
  28 balrugs
  A spectral juggernaut (Tar:6)
  17 vault wardens
  5 ghouls
  Aizul (Vaults:3)
  6 ghost moths
  4 spectral caustic shrikes
  5 deep elf sorcerers
  A quicksilver elemental (Zig:2)
  15 cacodemons
  5 draconian stormcallers
  9 curse skulls
  2 shard shrike simulacra (Coc:2)
  29 very ugly things
  3 deep elf elementalists (Elf:3)
  A juggernaut zombie (Crypt:1)
  5 draconian shifters
  2 orc warlords
  18 ironbound preservers
  13 draconian annihilators
  5 spriggan defenders
  A demonspawn blood saint (Pan)
  17 stone giants
  A broodmother (Zig:8)
  10 quicksilver oozes
  A demonspawn corrupter (Pan)
  A juggernaut skeleton (Crypt:3)
  16 reapers
  12 vampire knights
  6 green draconians
  9 ironbound thunderhulks
  8 war gargoyles
  25 putrid mouths
  8 black draconians
  A caustic shrike skeleton (Pan)
  An elemental wellspring (Coc:2)
  A rockslime zombie (Crypt:2)
  Azrael (Snake:2)
  2 eleionomae (Shoals:3)
  3 demonspawn black suns (Pan)
  10 lorocyprocas
  6 red draconians
  2 bennus (Zig:4)
  13 deep elf annihilators
  10 deep elf demonologists
  A spark wasp (shapeshifter) (Vaults:4)
  10 white draconians
  2 spectral titans
  11 yellow draconians
  15 spark wasps
  2 minotaurs (Shoals:4)
  12 dire elephants
  12 purple draconians
  2 iron golems
  8 blizzard demons
  A crystal guardian (Vaults:2)
  12 deep elf death magi
  Josephine (D:11)
  6 merfolk impalers
  7 green deaths
  12 yaktaur captains
  11 ettins
  2 entropy weavers (shapeshifter)
  A spectral iron giant (Tar:5)
  8 eidola
  12 fire dragons
  12 jiangshi
  3 mummy priests (Crypt:3)
  5 merfolk javelineers
  A spriggan zombie (Hell)
  5 rakshasas
  3 entropy weavers
  40 vault guards
  11 great orbs of eyes
  5 spectral spriggans
  5 deep elf high priests
  Harold (D:11)
  3 caustic shrike simulacra (IceCv)
  15 salamander tyrants
  7 hydras
  12 centaur warriors
  A hell beast (Depths:3)
  A quicksilver dragon skeleton (Pan)
  Fannar (D:11)
  43 starcursed masses (Abyss:3)
  3 peacekeepers
  3 juggernaut simulacra
  2 ogre magi
  A spriggan air mage (Depths:3)
  A catoblepas (Lair:2)
  A radroach (shapeshifter) (Depths:2)
  A merfolk aquamancer (Shoals:3)
  11 ironbound frosthearts
  7 ice dragons
  14 anacondas
  4 deep troll shamans
  2 radroaches (Zig:8)
  7 two-headed ogres
  A spriggan skeleton (Pan)
  3 death yaks (Lair:5)
  4 boulder beetles
  4 merfolk avatars
  4 death knights
  A fenstrider witch skeleton (Pan)
  30 dancing weapons
  An alligator (Zig:3)
  3 stokers
  10 vampire magi
  16 satyrs
  9 deep troll earth magi
  A spectral dire elephant (Tar:5)
  10 naga warriors
  13 hell hogs
  10 shock serpents
  A satyr (shapeshifter) (Vaults:5)
  4 orc high priests
  2 titan zombies
  11 tengu warriors
  A spriggan berserker (Depths:4)
  56 sun demons
  11 thrashing horrors
  Nergalle (D:11)
  26 hell knights
  27 soul eaters
  20 sixfirhies
  28 deep elf knights
  Amaemon (Lair:3)
  11 naga sharpshooters
  10 wretched stars
  22 shadow wraiths
  36 skeletal warriors
  A skyshark (shapeshifter) (Zig:6)
  4 salamander mystics
  A fire crab (shapeshifter) (Vaults:5)
  12 iron trolls
  2 pharaoh ants (Zig:8)
  3 spatial maelstroms (Abyss:3)
  6 glowing orange brains
  5 skysharks
  A swamp dragon (Lair:5)
  2 golden dragon zombies
  68 deep trolls
  9 naga ritualists
  14 sea snakes
  7 flayed ghosts
  A shadow dragon zombie (Hell)
  5 orb spiders
  16 deep elf archers
  3 orange crystal statues
  Pikel (D:6)
  13 lindwurms
  4 shadow demons (Pan)
  11 wizards
  14 harpies
  16 phantasmal warriors
  17 necromancers
  3 orc knights
  36 deep elf zephyrmancers
  A spectral hydra (Tar:2)
  A bunyip skeleton (Crypt:2)
  A spectral ettin (Tar:3)
  15 ironbound convokers
  33 deep elf pyromancers
  4 bog bodies
  2 oklob plants
  3 shining eyes
  12 mana vipers
  A golden dragon skeleton (Hell)
  4 orc sorcerers
  45 ugly things
  20 manticores
  A wolf spider (Zig:8)
  A will-o-the-wisp (Zig:3)
  19 fauns
  9 cyclopes
  A fire giant zombie (Depths:1)
  A jorogumo skeleton (Crypt:1)
  A cyclops (shapeshifter) (D:13)
  9 elephants
  28 moths of wrath
  A moth of wrath (shapeshifter) (Vaults:5)
  20 salamanders
  2 rust devils
  2 frost giant skeletons
  2 worldbinders (Abyss:3)
  A spectral centaur (Tar:2)
  Maurice (D:10)
  3 apocalypse crabs
  11 vault sentinels
  A sphinx skeleton (Depths:3)
  5 water nymphs
  6 merfolk sirens
  13 naga magi
  27 smoke demons
  10 molten gargoyles
  A torpor snail (Lair:4)
  33 black mambas
  A gargoyle (D:13)
  2 eyes of devastation
  10 guardian serpents
  2 demonic crawlers (Pan)
  2 titan simulacra
  18 orange demons
  2 ice statues (Hell)
  9 unseen horrors
  A yaktaur (shapeshifter) (D:13)
  17 cane toads
  15 hellions
  2 bunyip simulacra
  15 freezing wraiths
  37 yaktaurs
  2 centaur skeletons (Hell)
  A red draconian zombie (Crypt:3)
  An orb spider zombie (Crypt:3)
  5 kobold demonologists
  2 ice devils
  A sea snake zombie (Hell)
  3 tengu conjurers
  9 komodo dragons
  18 tormentors
  5 rime drakes
  7 ancient zymes (Abyss:3)
  A black draconian zombie (Crypt:1)
  2 anaconda simulacra
  A komodo dragon (shapeshifter) (D:14)
  3 silent spectres
  A death yak skeleton (Crypt:2)
  2 red devils
  3 spectral harpies
  7 efreet (Pan)
  3 wind drakes
  2 sea snake skeletons (Hell)
  An unseen horror skeleton (Crypt:1)
  A spectral naga (Tar:6)
  15 trolls
  15 guardian mummies
  2 hydra zombies
  3 harpy zombies
  A meliai (shapeshifter) (Depths:3)
  29 large abominations
  28 merfolk
  A shadow dragon simulacrum (Hell)
  2 polar bears
  A harpy skeleton (Pan)
  24 hellwings
  10 blink frogs (Lair:1)
  10 raiju
  A culicivora zombie (Crypt:2)
  A hydra skeleton (Hell)
  4 snapping turtles
  10 dream sheep
  An alligator zombie (Hell)
  A frost giant simulacrum (Depths:1)
  4 flying skulls
  An ettin zombie (Crypt:1)
  A jumping spider (Zig:8)
  52 slime creatures
  A culicivora (shapeshifter) (Elf:2)
  6 small abominations
  2 centaur simulacra
  A yak (shapeshifter) (Elf:3)
  2 air elementals (Elf:2)
  4 dire elephant simulacra
  6 wyverns
  A fire dragon skeleton (Hell)
  2 guardian serpent skeletons (Crypt:2)
  2 alligator skeletons
  An ettin skeleton (Hell)
  2 shadows
  A wind drake zombie (Crypt:1)
  14 wraiths
  21 yaks
  2 vampires
  10 ynoxinuls
  17 water elementals
  7 fire elementals
  3 ushabtiu
  11 basilisks
  9 chaos spawn
  5 fire bats
  6 golden eyes
  A black mamba skeleton (Pan)
  Grum (Lair:1)
  27 neqoxecs
  5 vampire mosquitoes
  5 steam dragons
  A sea snake simulacrum (Hell)
  3 wargs
  Edmund (D:6)
  3 harpy simulacra
  A wind drake skeleton (Crypt:2)
  4 spatial vortices (Abyss:3)
  22 nagas
  5 hydra simulacra (IceCv)
  4 acid dragons
  5 hell hounds
  10 water moccasins
  2 floating eyes
  Pargi (Sewer)
  3 naga skeletons
  4 sky beasts
  A swamp dragon zombie (Crypt:3)
  2 ice beasts
  A lindwurm zombie (Crypt:3)
  2 black bears
  A swamp drake (Lair:5)
  2 ettin simulacra
  19 ogres
  33 orc warriors
  A sky beast (shapeshifter) (Depths:3)
  A black mamba simulacrum (Crypt:2)
  A wolf (shapeshifter) (Vaults:5)
  A blink frog skeleton (Crypt:1)
  9 wolves
  12 centaurs
  A phantom (D:7)
  A rime drake zombie (Crypt:2)
  A salamander zombie (Crypt:1)
  2 kobold brigands (D:10)
  A lemure (D:6)
  Blork the orc (D:6)
  2 earth elementals
  A gnoll sergeant (D:11)
  9 bullfrogs
  2 necrophages
  4 scorpions
  6 wights
  2 lindwurm simulacra (IceCv)
  11 killer bees
  A yak skeleton (Crypt:3)
  A shapeshifter zombie (Crypt:3)
  A howler monkey (shapeshifter) (Vaults:5)
  7 howler monkeys
  A wolf zombie (Crypt:1)
  2 lava snakes (Volcano)
  A quasit (Abyss:2)
  A hound (D:5)
  2 jellies
  12 orc priests
  3 iron imps
  7 iguanas
  22 orc wizards
  7 hell rats (Hell)
  4 mummies
  A steam dragon zombie (Crypt:2)
  8 adders
  28 gnolls
  4 river rats (D:6)
  6 shadow imps
  2 white imps (D:7)
  An ufetubus (Abyss:2)
  A worm zombie (Crypt:3)
  3 worms
  A dart slug (D:1)
  93 orcs
  8 bats
  6 endoplasms
  3 giant cockroaches
  23 goblins
  21 hobgoblins
  4 jackals
  3 quokkas
  4 ball pythons
  A ball python skeleton (Crypt:3)
  5 frilled lizards
  15 kobolds
  10 rats
  2 ball lightnings (Zot:5)
  2 creeping infernos
  18 fire vortices
  A lurking horror (Abyss:3)
  6 starspawn tentacles
  A tentacle (Shoals:4)
3396 creatures vanquished.

Vanquished Creatures (collateral kills)
  A Brimstone Fiend (Geh:7)
  A cacodemon (Pan)
  7 sun demons (Pan)
  2 orange demons (Pan)
11 creatures vanquished.

Vanquished Creatures (others)
  A deep elf annihilator (Vaults:5)
  A spriggan simulacrum (Coc:2)
  A faun (Shoals:4)
  A water nymph (Shoals:4)
  A bloated husk (Zig:3)
  An iron dragon simulacrum (Coc:2)
  A water elemental (Hell)
  A golden eye (Abyss:2)
  A small abomination (Abyss:2)
  A swamp drake (Lair:5)
  An orc priest (Orc:2)
  An iguana (Lair:5)
  A ball lightning (Zot:5)
  3 creeping infernos
  3 fire vortices
  7 starspawn tentacles
  3 tentacles (Shoals:4)
29 creatures vanquished.

Grand Total: 3436 creatures vanquished

Notes
Turn   | Place    | Note
-------+----------+-------------------------------------------
     0 | D:1      | Amplified the Hill Orc Gladiator began the quest for the
                  | Orb.
     0 | D:1      | Reached XP level 1. HP: 18/18 MP: 1/1
   113 | D:1      | Reached XP level 2. HP: 25/25 MP: 2/2
   133 | D:1      | Reached skill level 1 in Armour
   308 | D:1      | Reached XP level 3. HP: 17/31 MP: 3/3
   698 | D:2      | Reached XP level 4. HP: 38/38 MP: 4/4
   700 | D:2      | You fall into a shaft and drop 2 floors!
   721 | D:4      | Reached skill level 5 in Axes
   879 | D:4      | Reached XP level 5. HP: 40/46 MP: 5/5
  1280 | D:3      | Found a glowing drain.
  1317 | D:3      | Reached XP level 6. HP: 47/53 MP: 6/6
  1338 | Sewer    | Entered a sewer
  1406 | Sewer    | Noticed Pargi
  1419 | Sewer    | Killed Pargi
  1420 | Sewer    | Reached skill level 5 in Fighting
  2111 | D:2      | Found a faded altar of an unknown god.
  2517 | D:4      | Reached XP level 7. HP: 52/61 MP: 7/7
  2667 | D:5      | Entered Level 5 of the Dungeon
  3004 | D:5      | Reached skill level 5 in Armour
  3213 | D:5      | Found a glowing silver altar of Zin.
  3214 | D:5      | Found a shimmering blue altar of Sif Muna.
  3221 | D:5      | Found a snail-covered altar of Cheibriados.
  3223 | D:5      | Found a white marble altar of Elyvilon.
  3223 | D:5      | Found an ornate altar of the Wu Jian Council.
  3224 | D:5      | Found a sacrificial altar of Ru.
  3253 | D:5      | Reached XP level 8. HP: 65/71 MP: 8/8
  3770 | D:6      | Noticed Blork the orc
  3770 | D:6      | Noticed Pikel
  3791 | D:6      | Gained mutation: You are partially covered in iridescent
                  | scales. (AC +2) [potion of mutation]
  3791 | D:6      | Gained mutation: You are agile. (Dex +4, Str/Int -1)
                  | [potion of mutation]
  3792 | D:6      | Killed Blork the orc
  3809 | D:6      | Killed Pikel
  4127 | D:6      | Noticed Edmund
  4140 | D:6      | Killed Edmund
  4141 | D:6      | Reached XP level 9. HP: 70/81 MP: 9/9
  4806 | D:7      | Found a staircase to the Ecumenical Temple.
  4815 | Temple   | Entered the Ecumenical Temple
  4847 | Temple   | Became a worshipper of the Shining One
  4927 | D:7      | Found a flagged portal.
  4934 | D:7      | Reached skill level 10 in Axes
  4943 | Bailey   | Entered a bailey
  5041 | Bailey   | Reached skill level 1 in Invocations
  5151 | Bailey   | Noticed an orc knight
  5173 | Bailey   | Killed an orc knight
  5203 | Bailey   | Reached XP level 10. HP: 83/93 MP: 13/13
  5207 | Bailey   | Noticed an orc warlord
  5250 | Bailey   | Killed an orc warlord
  5251 | Bailey   | Reached skill level 10 in Fighting
  5251 | Bailey   | Reached skill level 5 in Invocations
  5260 | Bailey   | Acquired a manual of Axes
  5629 | D:7      | Noticed a skeletal warrior
  5629 | D:7      | Reached * piety under the Shining One
  5629 | D:7      | Noticed a two-headed ogre
  5629 | D:7      | Noticed a deep elf pyromancer
  6041 | D:9      | Reached skill level 15 in Axes
  6068 | D:10     | Entered Level 10 of the Dungeon
  6081 | D:10     | Noticed a kobold demonologist
  6081 | D:10     | Noticed a kobold demonologist
  6082 | D:10     | Noticed a kobold demonologist
  6092 | D:10     | Noticed a sixfirhy
  6094 | D:10     | Noticed an orange demon
  6099 | D:10     | Killed a kobold demonologist
  6099 | D:10     | Killed a kobold demonologist
  6099 | D:10     | Killed a kobold demonologist
  6100 | D:10     | Reached XP level 11. HP: 78/101 MP: 15/15
  6176 | D:10     | Identified the +0 scale mail "Neysoemi" {+Blink}
  6187 | D:10     | Noticed Gastronok
  6194 | D:10     | Noticed Maurice
  6205 | D:10     | Killed Maurice
  6227 | D:10     | Killed Gastronok
  6730 | D:9      | Found a staircase to the Lair.
  6827 | D:9      | Reached ** piety under the Shining One
  7053 | D:9      | Found a staircase to the Orcish Mines.
  7386 | D:11     | Found Viedudia's Assorted Antiques.
  7403 | D:11     | Bought a wavering marble ring for 140 gold pieces
  7403 | D:11     | Identified the ring of Xom's Attic {rPois Str+3 Stlth+}
                  | (You bought it in a shop on level 11 of the Dungeon)
  7403 | D:11     | Bought a scroll of teleportation for 84 gold pieces
  7403 | D:11     | Bought a shiny helmet for 210 gold pieces
  7403 | D:11     | Bought a short ivory wand for 112 gold pieces
  7440 | D:11     | Noticed Fannar
  7456 | D:11     | Reached XP level 12. HP: 110/110 MP: 18/18
  7457 | D:11     | Killed Fannar
  7512 | D:11     | Noticed Nergalle
  7540 | D:11     | Killed Nergalle
  7551 | D:11     | Noticed Urug
  7558 | D:11     | Noticed Josephine
  7802 | D:11     | Urug changed into Urug the elephant
  7802 | D:11     | Noticed Urug
  7813 | D:11     | Killed Urug the elephant
  7959 | D:11     | Killed Josephine
  7968 | D:11     | Noticed Harold
  7981 | D:11     | Killed Harold
  7982 | D:11     | Reached skill level 10 in Armour
  7984 | D:11     | Reached skill level 10 in Invocations
  8012 | D:11     | Found a glowing silver altar of Zin.
  8219 | D:12     | Found Raaq's Magic Scroll Shop.
  8223 | D:12     | Bought a scroll of enchant weapon for 90 gold pieces
  8457 | D:12     | Found Hampeb's Magic Scroll Emporium.
  8473 | D:12     | Bought a scroll of enchant weapon for 105 gold pieces
  8544 | D:12     | Found Wuritu Coakh's Assorted Antiques.
  8570 | D:12     | Reached *** piety under the Shining One
  8683 | D:12     | Found a runed translucent door.
  8729 | D:12     | Noticed an orc high priest
  8862 | D:13     | Noticed a centaur warrior
  8878 | D:13     | Killed a centaur warrior
  8931 | D:13     | Noticed a five-headed hydra
  9036 | Orc:1    | Entered Level 1 of the Orcish Mines
  9051 | Orc:1    | Reached XP level 13. HP: 110/122 MP: 18/21
  9088 | Orc:1    | Noticed an ettin
  9097 | Orc:1    | Killed an ettin
  9538 | Orc:2    | Entered Level 2 of the Orcish Mines
  9542 | Orc:2    | Noticed Nessos
  9630 | Lair:1   | Entered Level 1 of the Lair of Beasts
  9631 | Lair:1   | Noticed Grum
  9649 | Lair:1   | Killed Grum
  9801 | Lair:1   | Found a dark tunnel.
  9811 | Volcano  | Entered a volcano
  9857 | Volcano  | Found a burning altar of Makhleb.
 11215 | Lair:2   | Found a staircase to the Shoals.
 11731 | Lair:3   | Found a staircase to the Snake Pit.
 11815 | Lair:3   | Reached skill level 15 in Fighting
 11849 | Lair:3   | Noticed Rupert
 11865 | Lair:3   | Killed Rupert
 11911 | Lair:3   | Reached XP level 14. HP: 122/135 MP: 21/24
 12220 | Lair:3   | Noticed Amaemon
 12237 | Lair:3   | Killed Amaemon
 12237 | Lair:3   | Reached **** piety under the Shining One
 13498 | Lair:5   | Entered Level 5 of the Lair of Beasts
 13737 | Lair:5   | Identified the +1 ring mail of Vehumet, Singing {MP+9
                  | Str+3}
 13832 | Lair:5   | Found a staircase to the Slime Pits.
 13861 | Lair:5   | Reached skill level 15 in Invocations
 13906 | Lair:5   | Noticed a dire elephant
 13928 | Lair:5   | Killed a dire elephant
 14063 | Lair:5   | Identified the +3 cloak of the Tick {Int+6 Slay+5 Stlth+}
 14076 | Lair:5   | Got Katuorhi's Dissertation on Electrocution
 14829 | Orc:2    | Noticed Jorgrun
 14829 | Orc:2    | Found a roughly hewn altar of Beogh.
 14847 | Orc:1    | Killed Jorgrun
 14848 | Orc:1    | Reached XP level 15. HP: 146/146 MP: 23/26
 14895 | Orc:1    | Paralysed by an ogre mage for 3 turns
 14901 | Orc:1    | Paralysed by an ogre mage for 5 turns
 14991 | Orc:2    | Found a staircase to the Elven Halls.
 15084 | Orc:2    | Noticed Sonja
 15089 | Orc:2    | Sonja changed into Sonja the yaktaur
 15089 | Orc:2    | Noticed Sonja
 15095 | Orc:2    | Killed Sonja the yaktaur
 15140 | Orc:2    | Found Leceatag's Distillery.
 15258 | Orc:2    | Reached skill level 15 in Armour
 15258 | Orc:2    | Nessos changed into Nessos the orb spider
 15258 | Orc:2    | Noticed Nessos
 15276 | Orc:2    | Killed Nessos the orb spider
 15483 | Orc:2    | Found Siakuig's Jewellery Shop.
 15490 | Orc:2    | Found Ynlo's Distillery.
 15498 | Orc:2    | Found Quexod's Weapon Boutique.
 15499 | Orc:2    | Found Xidduatt's Jewellery Shop.
 15501 | Orc:2    | Bought 2 potions of might for 112 gold pieces
 15501 | Orc:2    | Bought a potion of curing for 42 gold pieces
 15501 | Orc:2    | Bought a potion of heal wounds for 70 gold pieces
 15501 | Orc:2    | Bought a potion of might for 56 gold pieces
 15759 | Orc:2    | Bought the ring of the Morning {AC+4 Dex+5 Slay+2} for 619
                  | gold pieces
 15788 | Elf:1    | Entered Level 1 of the Elven Halls
 15933 | Elf:1    | Reached ***** piety under the Shining One
 16026 | Elf:1    | Found a flickering gateway to a bazaar.
 16681 | Elf:2    | Found Witwed's Magic Scroll Shoppe.
 16691 | Elf:2    | Reached XP level 16. HP: 157/157 MP: 28/28
 16736 | Bazaar   | Entered a bazaar
 16736 | Bazaar   | Found Zofunino's Magic Scroll Emporium.
 16736 | Bazaar   | Found Loshrolext's Armour Shop.
 16736 | Bazaar   | Found Qyci's Armour Shoppe.
 16736 | Bazaar   | Found Hegoowuom's Antique Weapon Shop.
 16738 | Bazaar   | Found Viti's Book Shoppe.
 16738 | Bazaar   | Found Ule Wyest's Antique Weapon Boutique.
 16762 | Bazaar   | Bought a scroll of fear for 36 gold pieces
 16762 | Bazaar   | Bought a scroll of teleportation for 27 gold pieces
 16776 | Bazaar   | Bought a glowing broad axe for 217 gold pieces
 16791 | Bazaar   | Bought a Trismegistus Codex for 338 gold pieces
 16791 | Bazaar   | Bought a book of Weapons for 364 gold pieces
 17158 | D:13     | Found a gate to the Vaults.
 17306 | D:13     | Identified the +1 ring mail "Aritz" {-Tele rElec rN+
                  | Stlth+}
 17502 | D:13     | Identified the +5 whip "Molibuz" {vamp, Str+3}
 17754 | D:14     | Found a shadowy altar of Dithmenos.
 17781 | D:14     | Got the Opusculum on Bringing Forth
 18034 | D:14     | Reached skill level 1 in Shields
 18156 | D:14     | Found Mimn's Antique Armour Emporium.
 18489 | D:15     | Entered Level 15 of the Dungeon
 18511 | D:15     | Acquired a manual of Poison Magic
 18591 | D:15     | Reached skill level 1 in Poison Magic
 18621 | D:15     | Found a frozen archway.
 18705 | IceCv    | Entered an ice cave
 18939 | IceCv    | Reached skill level 5 in Shields
 19039 | IceCv    | Got the Annotations on Algor
 19143 | D:15     | Noticed Agnes
 19153 | D:15     | Killed Agnes
 19388 | D:15     | Found a staircase to the Depths.
 19402 | D:15     | Reached skill level 5 in Poison Magic
 19689 | Snake:1  | Entered Level 1 of the Snake Pit
 19858 | D:12     | Reached XP level 17. HP: 168/168 MP: 30/30
 19888 | D:12     | Found a roughly hewn altar of Beogh.
 20067 | Shoals:1 | Entered Level 1 of the Shoals
 20326 | Shoals:1 | Noticed Louise
 20373 | Shoals:1 | Killed Louise
 21034 | Abyss:2  | Noticed a tentacled starspawn
 21034 | Abyss:2  | Cast into level 2 of the Abyss (merfolk impaler)
 21040 | Abyss:2  | Killed a tentacled starspawn
 21061 | Abyss:2  | Gained mutation: Armour fits poorly on your strangely
                  | shaped body. [a neqoxec]
 21063 | Abyss:2  | Gained mutation: You occasionally lose the ability to read
                  | scrolls when taking damage. [a neqoxec]
 21094 | Abyss:2  | Gained mutation: You are frail. (-10% HP) [a neqoxec]
 21121 | Abyss:2  | Noticed an Executioner
 21131 | Abyss:2  | Killed an Executioner
 21353 | Abyss:3  | Noticed a tentacled starspawn
 21366 | Abyss:3  | Killed a tentacled starspawn
 21376 | Shoals:2 | Escaped the Abyss
 21408 | Shoals:1 | Lost mutation: You are agile. (Dex +4, Str/Int -1) [potion
                  | of mutation]
 21408 | Shoals:1 | Lost mutation: You are frail. (-10% HP) [potion of
                  | mutation]
 21408 | Shoals:1 | Lost mutation: You are partially covered in iridescent
                  | scales. (AC +2) [potion of mutation]
 21408 | Shoals:1 | Gained mutation: You have hidden genetic defects. [potion
                  | of mutation]
 21408 | Shoals:1 | Gained mutation: You possess an exceptional clarity of
                  | mind. [potion of mutation]
 21408 | Shoals:1 | Gained mutation: You have a pair of small antennae on your
                  | head. [potion of mutation]
 21487 | Shoals:1 | Lost mutation: You occasionally lose the ability to read
                  | scrolls when taking damage. [potion of mutation]
 21487 | Shoals:1 | Lost mutation: You have a pair of small antennae on your
                  | head. [potion of mutation]
 21487 | Shoals:1 | Gained mutation: You have a pair of small antennae on your
                  | head. [potion of mutation]
 21487 | Shoals:1 | Gained mutation: You are vulnerable to cold. (rC-) [potion
                  | of mutation]
 21487 | Shoals:1 | Gained mutation: You are partially covered in iridescent
                  | scales. (AC +2) [potion of mutation]
 21488 | Shoals:1 | Lost mutation: You possess an exceptional clarity of mind.
                  | [potion of mutation]
 21488 | Shoals:1 | Lost mutation: You are partially covered in iridescent
                  | scales. (AC +2) [potion of mutation]
 21488 | Shoals:1 | Gained mutation: You have supernaturally acute eyesight.
                  | (SInv) [potion of mutation]
 21488 | Shoals:1 | Gained mutation: You expend magic power (3 MP) to
                  | strengthen your wands. [potion of mutation]
 21694 | Orc:2    | Bought a potion of mutation for 120 gold pieces
 21695 | Orc:2    | Lost mutation: You are vulnerable to cold. (rC-) [potion of
                  | mutation]
 21695 | Orc:2    | Lost mutation: You have supernaturally acute eyesight.
                  | (SInv) [potion of mutation]
 21695 | Orc:2    | Gained mutation: Your body sometimes deteriorates upon
                  | taking damage. [potion of mutation]
 21900 | Elf:2    | Paralysed by an air elemental for 1 turns
 22173 | Elf:2    | Found a runed translucent gate.
 22174 | Elf:2    | Found a runed translucent gate.
 22174 | Elf:2    | Found a runed translucent gate.
 22184 | Elf:2    | Found a runed translucent door.
 22187 | Elf:2    | Gained mutation: You occasionally lose the ability to drink
                  | potions when taking damage. [hidden defects]
 22188 | Elf:2    | Noticed Sensen's ghost (adept OgGl)
 22604 | Elf:3    | Entered Level 3 of the Elven Halls
 22609 | Elf:3    | Reached skill level 5 in Dodging
 22610 | Elf:3    | Reached XP level 18. HP: 173/178 MP: 26/32
 22995 | Snake:1  | Gained mutation: You are frail. (-10% HP) [hidden defects]
 22995 | Snake:1  | Lost mutation: You have hidden genetic defects. [hidden
                  | defects expressed]
 23646 | Snake:2  | Reached skill level 10 in Poison Magic
 23839 | Snake:2  | Noticed Azrael
 23854 | Snake:2  | Killed Azrael
 23883 | Snake:2  | Found a transporter.
 24452 | Snake:2  | Found a transporter.
 24791 | Snake:4  | Entered Level 4 of the Snake Pit
 24804 | Snake:3  | Found Loyge's Distillery.
 24812 | Snake:3  | Bought a potion of mutation for 120 gold pieces
 24812 | Snake:3  | Lost mutation: You have a pair of small antennae on your
                  | head. [potion of mutation]
 24812 | Snake:3  | Lost mutation: Armour fits poorly on your strangely shaped
                  | body. [potion of mutation]
 24812 | Snake:3  | Lost mutation: You expend magic power (3 MP) to strengthen
                  | your wands. [potion of mutation]
 24812 | Snake:3  | Gained mutation: You have a pair of small horns on your
                  | head. [potion of mutation]
 24928 | Snake:3  | Found Utalo's Jewellery Boutique.
 25119 | Snake:3  | Found Ucegakau's Magic Scroll Boutique.
 25133 | Snake:3  | Bought a scroll of acquirement for 884 gold pieces
 25133 | Snake:3  | Acquired 265 gold pieces
 25211 | Snake:3  | Found Isasku's Weapon Boutique.
 25637 | Snake:3  | Found Oxta's Distillery.
 26833 | Snake:4  | Noticed Vashnia
 27014 | Snake:2  | Identified the +0 leather armour "Nitiall" {rN++ Int+2
                  | Dex+3}
 27022 | Snake:2  | Identified the ring of Miracles {rC+ rCorr}
 27033 | Snake:2  | Identified the ring of Koorrali {rCorr SInv}
 27304 | Snake:4  | Reached XP level 19. HP: 149/170 MP: 24/33
 27310 | Snake:4  | Killed Vashnia
 27733 | Snake:4  | Got a serpentine rune of Zot
 28142 | Vaults:1 | Entered Level 1 of the Vaults
 28228 | Vaults:1 | Lost mutation: You occasionally lose the ability to drink
                  | potions when taking damage. [potion of mutation]
 28228 | Vaults:1 | Lost mutation: Your body sometimes deteriorates upon taking
                  | damage. [potion of mutation]
 28228 | Vaults:1 | Gained mutation: You have a pair of horns on your head.
                  | [potion of mutation]
 28303 | Vaults:1 | Lost mutation: You have a pair of horns on your head.
                  | [potion of mutation]
 28303 | Vaults:1 | Lost mutation: You are frail. (-10% HP) [potion of
                  | mutation]
 28303 | Vaults:1 | Gained mutation: You are somewhat resistant to further
                  | mutation. [potion of mutation]
 28606 | Vaults:1 | Noticed Nikola
 28849 | Vaults:1 | Killed Nikola
 28944 | Vaults:1 | Found Vurix's Antique Armour Boutique.
 28947 | Vaults:1 | Bought a faintly humming cloak for 294 gold pieces
 28947 | Vaults:1 | Identified the +2 cloak "Orucest" {-Cast Rampage rF- rN+++}
                  | (You bought it in a shop on level 1 of the Vaults)
 29194 | Vaults:1 | Identified the +5 arbalest of Superiority {penet, rN+
                  | Stlth+}
 29196 | Vaults:1 | Identified the +3 arbalest of Sequestration {speed, Will+}
 29580 | Vaults:1 | Noticed Saint Roka
 29592 | Vaults:1 | Killed Saint Roka
 29593 | Vaults:1 | Reached XP level 20. HP: 165/200 MP: 33/35
 29731 | Vaults:2 | Found Sutoulor's Jewellery Shop.
 29774 | Vaults:2 | Found Vounein's General Store.
 29896 | Vaults:2 | Found Tuceoc's Weapon Shop.
 30520 | Vaults:2 | Noticed Zenata
 30531 | Vaults:2 | Killed Zenata
 30927 | Vaults:3 | Found Vyach's General Store.
 31090 | Vaults:3 | Reached skill level 10 in Dodging
 31362 | Vaults:3 | Found Ontaf's Magic Scroll Emporium.
 31388 | Vaults:3 | Noticed Aizul
 31403 | Vaults:3 | Killed Aizul
 31778 | Vaults:3 | Noticed Margery
 31788 | Vaults:3 | Reached XP level 21. HP: 211/211 MP: 28/36
 31791 | Vaults:3 | Killed Margery
 31974 | Vaults:3 | Found a staircase to the Crypt.
 31992 | Crypt:1  | Entered Level 1 of the Crypt
 33002 | Crypt:2  | Reached ****** piety under the Shining One
 33170 | Crypt:2  | Identified the ring of Veum {Fly rElec Int-4 Dex+3}
 33171 | Crypt:2  | Found a transporter.
 33172 | Crypt:2  | Noticed Gaelaa's ghost (veteran DgCj)
 33481 | Crypt:2  | Identified the +5 scale mail of Vurhia Kymy {Str+3 Dex+4}
 33546 | Crypt:2  | Identified a +2 sacred scourge of holy wrath (a +0 demon
                  | whip of venom blessed by the Shining One)
 33546 | Crypt:2  | Received a gift from the Shining One
 33664 | Crypt:2  | Found a transporter.
 33772 | Crypt:2  | Killed Gaelaa's ghost
 33773 | Crypt:2  | Reached XP level 22. HP: 113/222 MP: 24/38
 33893 | Crypt:3  | Entered Level 3 of the Crypt
 33924 | Crypt:3  | Reached skill level 1 in Maces & Flails
 33943 | Crypt:3  | Found an ancient bone altar of Kikubaaqudgha.
 33943 | Crypt:3  | Noticed a curse toe
 33950 | Crypt:3  | Killed a curse toe
 34060 | Crypt:3  | Found a basalt altar of Yredelemnul.
 34101 | Crypt:3  | Identified the +0 leather armour of Midwinter {Dex+2 Slay+2
                  | Stlth+}
 34105 | Crypt:3  | Identified the ring "Huumics" {rPois EV+5 Int+3}
 34157 | Crypt:3  | Got Qukulok's Compilation of Corpses and Arson
 34242 | Crypt:3  | Noticed Khufu
 34249 | Crypt:3  | Killed Khufu
 34250 | Crypt:3  | Reached skill level 5 in Maces & Flails
 34250 | Crypt:3  | Noticed a royal mummy
 34256 | Crypt:3  | Noticed Mucafifa's ghost (adept MiFi)
 34256 | Crypt:3  | Killed a royal mummy
 34292 | Crypt:3  | Found a runed translucent gate.
 34292 | Crypt:3  | Found a runed translucent gate.
 34292 | Crypt:3  | Found a runed translucent gate.
 34782 | Crypt:3  | Found the -2 hat of the Alchemist {rElec rPois rF+ rC+ rN+
                  | Will+ rMut rCorr}
 34964 | Crypt:3  | Found a staircase to the Tomb.
 35090 | Crypt:3  | Killed Mucafifa's ghost
 35099 | Crypt:3  | Identified the +8 hand axe "Hudasig" {heavy, rElec rCorr
                  | Int+3 Dex+3}
 35100 | Crypt:3  | Identified the staff of poison "Faffakh" {rPois Str+5}
 35145 | Crypt:1  | Found a basalt altar of Yredelemnul.
 35390 | Vaults:3 | Lost mutation: You are somewhat resistant to further
                  | mutation. [potion of mutation]
 35390 | Vaults:3 | Lost mutation: You have a pair of small horns on your head.
                  | [potion of mutation]
 35390 | Vaults:3 | Gained mutation: You are weak. (Str -2) [potion of
                  | mutation]
 35390 | Vaults:3 | Gained mutation: Your spells are a little easier to cast,
                  | but a little less powerful. [potion of mutation]
 35390 | Vaults:3 | Gained mutation: Your flesh is heat resistant. (rF+)
                  | [potion of mutation]
 35687 | Vaults:4 | Reached skill level 27 in Invocations
 36912 | Shoals:2 | Noticed Mlioglotl
 36922 | Shoals:2 | Killed Mlioglotl
 36923 | Shoals:2 | Reached XP level 23. HP: 228/232 MP: 34/40
 37546 | Shoals:3 | Identified the +9 sling of Cady {speed, rC+ Str+3}
 37645 | Shoals:3 | Got Sif Muna's Lessons on Malisons
 38195 | Shoals:4 | Entered Level 4 of the Shoals
 38686 | Shoals:4 | Got a barnacled rune of Zot
 38718 | Shoals:4 | Identified the ring of Wumul {Wiz Fly}
 38721 | Shoals:4 | Got Oggilin's Foundations of Casting
 39437 | Elf:2    | Killed Sensen's ghost
 39764 | Elf:3    | Reached skill level 27 in Fighting
 39861 | Elf:3    | Identified the +5 great sword "Soagot" {heavy, Dex+3}
 39890 | Elf:3    | Noticed Donald
 39895 | Elf:3    | Killed Donald
 39897 | Elf:3    | Identified the amulet of Dytonwilihu {Regen+ Slay+3}
 39902 | Elf:3    | Killed the ghostly Donald
 40023 | Elf:3    | Reached XP level 24. HP: 139/249 MP: 35/40
 40276 | Elf:3    | Found the +0 pair of fencer's gloves {Riposte Dex+3}
 40377 | Elf:3    | Identified the +0 plate armour of the Will of the Gods
                  | {rF++}
 40379 | Elf:3    | Identified the staff of cold "Atiquc" {rC+ Str+4 Dex+3}
 40453 | Elf:3    | Found an ancient bone altar of Kikubaaqudgha.
 40821 | Elf:2    | Reached skill level 1 in Long Blades
 40825 | Elf:2    | Reached skill level 1 in Polearms
 41490 | Depths:1 | Entered Level 1 of the Depths
 41496 | Depths:1 | Reached skill level 5 in Polearms
 41547 | Depths:1 | Reached skill level 5 in Long Blades
 41627 | Depths:1 | Found a blossoming altar of Fedhas.
 41658 | Depths:1 | Found a one-way gate leading to the halls of Pandemonium.
 41727 | Depths:1 | Found a gateway to Hell.
 41914 | Depths:1 | Found a flickering gateway to a bazaar.
 41930 | Bazaar   | Entered a bazaar
 41951 | Bazaar   | Found Necvurch's Jewellery Emporium.
 41951 | Bazaar   | Found Ystrotirph's Book Shoppe.
 42400 | Depths:2 | Noticed Bai Suzhen
 42409 | Depths:2 | Killed Bai Suzhen
 42410 | Depths:2 | Reached skill level 10 in Shields
 42585 | Depths:2 | Found an opulent altar of Gozag.
 42701 | Depths:2 | Found Fuewk's Book Shop.
 42701 | Depths:2 | Found Buakorem's Book Shop.
 42716 | Depths:2 | Found Kecu Vui's Antique Armour Shop.
 42783 | Depths:2 | Identified the +1 morningstar "Sodwixi" {speed, rN+}
 43652 | Depths:3 | Found a one-way gate to the infinite horrors of the Abyss.
 43897 | Depths:3 | Reached XP level 25. HP: 157/257 MP: 17/40
 43944 | Depths:3 | Reached skill level 15 in Shields
 43972 | Depths:4 | Entered Level 4 of the Depths
 44149 | Depths:4 | Found a transporter.
 44149 | Depths:4 | Found a transporter.
 44149 | Depths:4 | Noticed a juggernaut
 44218 | Depths:4 | Found a gate to the Realm of Zot.
 44385 | Depths:4 | Found a bloodstained altar of Trog.
 44770 | Depths:4 | Found a bloodstained altar of Trog.
 44770 | Depths:4 | Noticed Plog's ghost (adept DgCj)
 44771 | Depths:4 | Noticed a juggernaut
 44830 | Depths:4 | Killed a juggernaut
 44831 | Depths:4 | Reached skill level 10 in Long Blades
 44831 | Depths:4 | Reached skill level 10 in Polearms
 44834 | Depths:4 | Killed a juggernaut
 44844 | Depths:4 | Killed Plog's ghost
 45024 | Depths:3 | Found a one-way gateway to a ziggurat.
 45190 | Depths:3 | Reached XP level 26. HP: 266/266 MP: 40/40
 45227 | Depths:3 | Noticed an ancient lich
 45235 | Depths:3 | Killed an ancient lich
 45256 | Depths:3 | Identified the +0 chain mail "Xuyl" {rF- Will- Dex+8}
 45476 | Depths:3 | Identified the ring of Rieng {Wiz Int+4}
 45574 | Depths:3 | Reached skill level 1 in Transmutations
 45609 | Depths:3 | Got the Codex of Shapes and Wildfire
 45732 | Depths:2 | Identified the +5 quarterstaff "Jutwet" {heavy, Str+3}
 46170 | Vaults:2 | Bought 2 scrolls of acquirement for 1872 gold pieces
 46171 | Vaults:2 | Acquired the +2 pair of boots of the Monkey {rC+}
 46184 | Vaults:2 | Acquired a manual of Shields
 46187 | Vaults:2 | Bought a scroll of teleportation for 54 gold pieces
 46428 | Vaults:5 | Entered Level 5 of the Vaults
 46527 | Vaults:5 | Noticed an ancient lich
 46532 | Vaults:5 | Killed an ancient lich
 46537 | Vaults:5 | Reached skill level 5 in Transmutations
 46818 | Vaults:5 | Got a silver rune of Zot
 46908 | Vaults:5 | Identified the +0 morningstar of Disaster {heavy, rElec rF+
                  | Stlth+}
 47042 | Vaults:5 | Reached XP level 27. HP: 256/273 MP: 40/40
 47075 | Vaults:5 | Identified the +0 spear of Ash {flame, Str+4 Dex+2 Stlth+}
 47146 | Vaults:5 | Noticed an ancient lich
 47157 | Vaults:5 | Killed an ancient lich
 47515 | Vaults:5 | Identified the ring "Vigeigum" {rC+ Will+}
 47522 | Vaults:5 | Identified the +1 scale mail of Kyvaos {Regen+}
 47891 | Depths:3 | Voluntarily entered the Abyss.
 48269 | Abyss:3  | Found a corrupted altar of Lugonu.
 48290 | Abyss:3  | Found a corrupted altar of Lugonu.
 48298 | Abyss:3  | Paralysed by accursed screaming for 2 turns
 48310 | Abyss:3  | Found a corrupted altar of Lugonu.
 48504 | Abyss:3  | Found a corrupted altar of Lugonu.
 48552 | Abyss:3  | Found a corrupted altar of Lugonu.
 48701 | Abyss:3  | Found a corrupted altar of Lugonu.
 48775 | Abyss:3  | Got an abyssal rune of Zot
 48787 | Depths:3 | Escaped the Abyss
 48871 | Hell     | Entered the Vestibule of Hell
 48873 | Hell     | Noticed Geryon
 48886 | Hell     | Killed Geryon
 48925 | Hell     | Reached skill level 10 in Transmutations
 49035 | Hell     | Found a gateway to the Iron City of Dis.
 49200 | Hell     | Found a gateway to the ashen valley of Gehenna.
 49320 | Hell     | Found a gateway to the decaying netherworld of Tartarus.
 49534 | Hell     | Found a gateway to the freezing wastes of Cocytus.
 49703 | Geh:1    | Entered Level 1 of Gehenna
 49849 | Geh:3    | Reached skill level 15 in Long Blades
 50087 | Geh:4    | Noticed an ancient lich
 50087 | Geh:4    | You fall into a shaft and drop 1 floor!
 50096 | Geh:5    | Reached skill level 15 in Polearms
 50521 | Geh:7    | Entered Level 7 of Gehenna
 51229 | Geh:7    | Found the +13 sceptre of Asmodeus
 51229 | Geh:7    | Noticed Asmodeus
 51244 | Geh:7    | Killed Asmodeus
 51251 | Geh:7    | Identified the staff of conjuration "Igeas" {rC+ Will+
                  | Str+2 Dex+4}
 51253 | Geh:7    | Got an obsidian rune of Zot
 51549 | Tar:1    | Entered Level 1 of Tartarus
 52968 | Tar:7    | Entered Level 7 of Tartarus
 53856 | Tar:7    | Reached skill level 1 in Spellcasting
 53896 | Tar:7    | Learned a level 3 spell: Frozen Ramparts
 53902 | Tar:7    | Learned a level 5 spell: Silence
 54238 | Tar:7    | Reached skill level 1 in Hexes
 54245 | Tar:7    | Reached skill level 1 in Ice Magic
 54245 | Tar:7    | Reached skill level 1 in Air Magic
 54772 | Tar:7    | Noticed Ereshkigal
 54790 | Tar:7    | Killed Ereshkigal
 54818 | Tar:7    | Got a bone rune of Zot
 55962 | Tar:7    | Identified the ring of Peace {rPois rCorr SInv}
 55964 | Tar:7    | Identified the ring "Arean" {rC+ MP+9}
 55968 | Tar:7    | Identified the +11 glaive of Conformity {heavy, SInv}
 55970 | Tar:7    | Identified the +5 arbalest "Cumes" {flame, rCorr Dex+4}
 56106 | Coc:1    | Entered Level 1 of Cocytus
 56181 | Coc:2    | Reached skill level 5 in Hexes
 56205 | Coc:2    | Reached skill level 5 in Spellcasting
 56209 | Coc:2    | Paralysed by a wendigo for 1 turns
 56212 | Coc:2    | Paralysed by a wendigo for 1 turns
 56263 | Dis:1    | Entered Level 1 of the Iron City of Dis
 56342 | Dis:1    | Reached skill level 5 in Ice Magic
 56580 | Dis:2    | Reached skill level 5 in Air Magic
 56784 | Pan      | Entered Pandemonium
 56807 | Pan      | Found an exit through the horrors of the Abyss.
 56850 | Pan      | Noticed Qeic the pandemonium lord
 56862 | Pan      | Killed Qeic the pandemonium lord
 56943 | Pan      | Got a demonic rune of Zot
 57135 | Pan      | Found an exit through the horrors of the Abyss.
 57225 | Pan      | Noticed Ruissoce the pandemonium lord
 57233 | Pan      | Killed Ruissoce the pandemonium lord
 57251 | Pan      | Identified the +0 pair of gloves of Dawn {rElec rF- rC++
                  | Stlth+}
 57325 | Pan      | Entered the realm of Cerebov.
 57374 | Pan      | Identified the +8 scimitar of a Labyrinth {heavy, rC+ Str+2
                  | Int+2}
 57374 | Pan      | Identified the ring "Kior" {Will- EV+5 Str+2 Int+7 Dex-2}
 57508 | Pan      | Identified the staff of death "Gefrufri" {rC++ rN+ Dex-4}
 57594 | Pan      | Found the +6 sword of Cerebov {flame}
 57594 | Pan      | Noticed Cerebov
 57623 | Pan      | Killed Cerebov
 58239 | Pan      | Identified the staff of air "Asaxuqy" {rElec Will+ Int+3}
 58245 | Pan      | Identified the ring "Baamavot" {rC+ AC+4 Int+2 Slay-5}
 58307 | Pan      | Got a fiery rune of Zot
 58361 | Pan      | Entered the realm of Mnoleg.
 58372 | Pan      | Learned a level 4 spell: Airstrike
 58374 | Pan      | Gained mutation: Armour fits poorly on your strangely
                  | shaped body. [a neqoxec]
 58389 | Pan      | Lost mutation: Your spells are a little easier to cast, but
                  | a little less powerful. [a neqoxec]
 58568 | Pan      | Gained mutation: You are partially covered in iridescent
                  | scales. (AC +2) [a cacodemon]
 58584 | Pan      | Gained mutation: You sometimes lose your temper in combat.
                  | [a shining eye]
 58649 | Pan      | Noticed Mnoleg
 58673 | Pan      | Killed Mnoleg
 58701 | Pan      | Got a glowing rune of Zot
 58868 | Pan      | Gained mutation: You are clumsy. (Dex -2) [a neqoxec]
 58886 | Pan      | Reached skill level 27 in Armour
 58905 | Pan      | Noticed Teoxas the pandemonium lord
 59152 | Pan      | Entered the realm of Lom Lobon.
 59152 | Pan      | Noticed Lom Lobon
 59163 | Pan      | Killed Lom Lobon
 59202 | Pan      | Got a magical rune of Zot
 59413 | Pan      | Noticed Mennas
 59420 | Pan      | Killed Mennas
 59746 | Pan      | Found an exit through the horrors of the Abyss.
 60128 | Pan      | Gained mutation: You are dopey. (Int -2) [a neqoxec]
 60131 | Pan      | Noticed Gatime Wuhao the pandemonium lord
 60163 | Depths:2 | Escaped Pandemonium
 60182 | Depths:2 | Lost mutation: Armour fits poorly on your strangely shaped
                  | body. [potion of mutation]
 60182 | Depths:2 | Lost mutation: You are partially covered in iridescent
                  | scales. (AC +2) [potion of mutation]
 60183 | Depths:2 | Lost mutation: Your flesh is heat resistant. (rF+) [potion
                  | of mutation]
 60183 | Depths:2 | Lost mutation: You are dopey. (Int -2) [potion of mutation]
 60183 | Depths:2 | Lost mutation: You sometimes lose your temper in combat.
                  | [potion of mutation]
 60183 | Depths:2 | Gained mutation: You have sharp toenails. [potion of
                  | mutation]
 60289 | Pan      | Entered Pandemonium
 60383 | Pan      | Found an exit through the horrors of the Abyss.
 60424 | Pan      | Entered the realm of Gloorx Vloq.
 60427 | Pan      | Reached skill level 15 in Dodging
 60441 | Pan      | Noticed Gloorx Vloq
 60449 | Pan      | Killed Gloorx Vloq
 60526 | Pan      | Got a dark rune of Zot
 60725 | Pan      | Found an exit through the horrors of the Abyss.
 60736 | Pan      | Took an exit into the Abyss.
 60736 | Abyss:3  | Escaped into the Abyss
 60736 | Abyss:3  | Found a corrupted altar of Lugonu.
 60736 | Abyss:3  | Found a corrupted altar of Lugonu.
 60821 | Depths:2 | Escaped the Abyss
 60927 | Zot:1    | Entered Level 1 of the Realm of Zot
 61127 | D:11     | Bought a scroll of acquirement for 1456 gold pieces
 61127 | D:11     | Bought a scroll of silence for 266 gold pieces
 61127 | D:11     | Acquired 621 gold pieces
 61491 | Zig:1    | Entered Level 1 of a ziggurat
 61509 | Zig:2    | Entered Level 2 of a ziggurat
 61533 | Zig:2    | Got Wiest's Mastery of Sorcery
 61547 | Zig:3    | Entered Level 3 of a ziggurat
 61565 | Zig:4    | Entered Level 4 of a ziggurat
 61602 | Zig:5    | Entered Level 5 of a ziggurat
 61621 | Zig:5    | Identified the staff of poison "Gaczutzi" {rPois Int+5}
 61622 | Zig:5    | Identified the ring "Voneawk" {rElec rF+ rC- Dex+6}
 61628 | Zig:5    | Got the Notes on Thermatology and Vicissitude
 61637 | Zig:6    | Entered Level 6 of a ziggurat
 61661 | Zig:6    | Identified the +5 hand axe of Harmony {flame, SInv}
 61753 | Zig:7    | Entered Level 7 of a ziggurat
 61774 | Zig:7    | Identified the +0 robe of Death Resistance {rN+ Stlth+}
 61782 | Zig:8    | Entered Level 8 of a ziggurat
 61791 | Zig:8    | Found the +11 plutonium sword {Contam Stlth-}
 61823 | Zig:8    | Identified the +4 scale mail of Masochism {rC- Regen+
                  | Dex+2}
 61824 | Zig:8    | Identified the +8 short sword of the Six Underlurkers
                  | {protect, *Corrode rElec rC+ Str+5 Dex-3}
 61860 | Zig:9    | Entered Level 9 of a ziggurat
 61868 | Zig:9    | Noticed Papn the pandemonium lord
 61869 | Zig:9    | Found the dreamshard necklace {*Dream Drain}
 61874 | Zig:9    | Killed Papn the pandemonium lord
 61875 | Zig:9    | Identified the ring "Wuloser" {rPois rF+ EV+5 Str+2 Int+3}
 61882 | Zig:9    | Identified the ring "Tivis" {EV+5 Int+5}
 63500 | Zot:3    | Noticed an orb of fire
 63513 | Zot:3    | Killed an orb of fire
 64580 | Zot:5    | Entered Level 5 of the Realm of Zot
 64581 | Zot:5    | Acquired a manual of Spellcasting
 65313 | Slime:1  | Entered Level 1 of the Pits of Slime
 65506 | Slime:3  | Reached skill level 10 in Spellcasting
 65602 | Slime:5  | Entered Level 5 of the Pits of Slime
 65694 | Slime:4  | Noticed Dissolution
 65707 | Slime:4  | Killed Dissolution
 66099 | Slime:5  | Noticed the Royal Jelly
 66109 | Slime:5  | Killed the Royal Jelly
 66138 | Slime:5  | Paralysed by a floating eye for 3 turns
 66298 | Slime:5  | Identified the amulet of Vat Geor {Faith Regen+}
 66300 | Slime:5  | Identified the ring of Robisy {rElec rF- MP+9 Dex+5}
 66307 | Slime:5  | Identified the +6 scale mail "Qirch" {Int+2}
 66310 | Slime:5  | Identified the +9 rapier "Aruont Ydwe" {drain, rF+ rC+
                  | Will+ Stlth+}
 66350 | Slime:5  | Got Dokhetel's Precepts of the Fateful Storm
 66371 | Slime:5  | Identified the +3 ring mail "Beac" {Str+4}
 66376 | Slime:5  | Identified the +3 cloak of the Slug {Rampage rF+ Slay+2}
 66400 | Slime:5  | Identified the staff of cold "Movaocw" {Contam rPois rC+
                  | Dex+2}
 66405 | Slime:5  | Identified the ring "Gastuq" {Wiz Str+7}
 66415 | Slime:5  | Got a slimy rune of Zot
 67279 | Zot:3    | Identified the +1 leather armour "Ruezisoe" {rPois rF+}
 67316 | Zot:3    | Identified the +11 rapier "Daggal" {venom, Fly rC+}
 67397 | Zot:3    | Noticed an orb of fire
 67408 | Zot:3    | Killed an orb of fire
 67737 | Zot:5    | Noticed a dread lich
 67745 | Zot:5    | Killed a dread lich
 67809 | Zot:5    | Noticed an orb of fire
 67820 | Zot:5    | Gained mutation: You occasionally lose the ability to read
                  | scrolls when taking damage. [an orb of fire]
 67826 | Zot:5    | Killed an orb of fire
 67903 | Zot:5    | Noticed a dread lich
 67906 | Zot:5    | Killed a dread lich
 67927 | Zot:5    | Noticed an orb of fire
 67935 | Zot:5    | Noticed a dread lich
 67940 | Zot:5    | Killed a dread lich
 67946 | Zot:5    | Killed an orb of fire
 68234 | Zot:5    | Got the Orb of Zot
 68293 | Zot:5    | Noticed Aqogre the pandemonium lord
 68298 | Zot:5    | Killed Aqogre the pandemonium lord
 68684 | D:7      | Noticed Uroesu the pandemonium lord
 68689 | D:7      | Killed Uroesu the pandemonium lord
 68827 | D:$      | Escaped with the Orb!

Illustrated notes

Levels and vault maps discovered:
D:1:      eino_arrival_druids_welcome, layout_rooms
D:2:      layout_basic, dreamdust_ecumenical_altar_statues, minmay_surrounded
D:3:      layout_loops_ring, gup_sewer_entry_glass
D:4:      layout_basic
D:5:      layout_loops_corners, grunt_temple_overflow_open
D:6:      wad_woods_tower, layout_basic, uniq_blork_the_orc, uniq_pikel,
          uniq_edmund
D:7:      minmay_chambers_of_sevens, layout_rooms, minmay_temple_entry_waves,
          ebering_ghost_inner_flame, lightli_bailey_entry_fortress, st_stairs_8
D:8:      layout_rooms
D:9:      layout_rooms, minmay_lair_entry_grove, orc_0_dummy,
          hangedman_misty_isle
D:10:     layout_cave_pools, chequers_serial_rivers_small_b, uniq_gastronok,
          uniq_maurice
D:11:     layout_basic, serial_shops, nicolae_shop_overgrown_old_shop,
          zin_academy, uniq_urug, uniq_harold, uniq_fannar, uniq_josephine,
          uniq_nergalle
D:12:     layout_rooms, serial_shops, shop, nicolae_stop_n_shop_1,
          nicolae_shop_stone, lightli_church_of_beogh
D:13:     layout_long_grid, lightli_vaults_fourway_checkpoint,
          serial_bayou_pond_c
D:14:     layout_roguey, nicolae_dithmenos_through_a_glass_darkly, serial_shops,
          shop, amethyst_killhole, chequers_garden
D:15:     grunt_enter_depths_snipers, layout_small_grid,
          portal_ice_cave_entry_pillars_1, columned_hall_lemuel,
          minmay_misc_feat_x, st_stairs_11, uniq_agnes
Temple:   nicolae_temple_elliptical
Lair:1:   layout_concentric_octagons, nicolae_volcano_entry_s_turn,
          grunt_megastairs_4, uniq_grum
Lair:2:   wander_river, layout_loops_ring, elwin_shoals_entry_rocks
Lair:3:   layout_misc_corridors, grunt_forest_large_clearings, uniq_amaemon,
          uniq_rupert
Lair:4:   layout_regular_city
Lair:5:   hangedman_lair_in_review, layout_hall_layers,
          guppyfry_lair_end_dragon, minmay_slime_entry_oklob_open,
          lemuel_old_faithful
Shoals:1: layout_shoals, uniq_louise
Shoals:2: layout_shoals, uniq_mlioglotl
Shoals:3: layout_shoals, nicolae_shoals_enchanted_isle
Shoals:4: shoals_end_hellmonk_lost_city, serial_shops
Snake:1:  layout_onion, nicolae_integral_box
Snake:2:  gammafunk_its_a_trap, layout_gridlike, uniq_azrael
Snake:3:  layout_grid_maze, serial_shops, shop, shop, nicolae_shop_crystal,
          nicolae_shop_industrial_runoff, shop
Snake:4:  snake_pit_salamanders_mu, layout_layer_cave, drop_trap,
          grunt_megastairs_1, uniq_vashnia
Slime:1:  layout_caves, nicolae_slime_getting_an_eyeful
Slime:2:  layout_caves, nicolae_slime_phagocytosis
Slime:3:  layout_caves, nicolae_slime_rock_hall_of_fame
Slime:4:  layout_caves, nicolae_slime_crime_time, uniq_dissolution
Slime:5
Orc:1:    layout_caves
Orc:2:    st_orc_open, layout_caves, basic_altar, serial_shops,
          nicolae_shop_stone, uniq_nessos, uniq_sonja, uniq_jorgrun
Elf:1:    eino_elf_arrival_customs, layout_loops_ring, serial_shops,
          bzr_entry_customers, hangedman_corner_corridor
Elf:2:    nicolae_elf_blades_crystal_corner, layout_geoelf_grid,
          ebering_ghost_reflecting_pool, serial_shops, shop, drop_trap,
          minivault_16
Elf:3:    grunt_elf_hall_diamonds, layout_geoelf_octagon, basic_altar,
          uniq_donald
Vaults:1: nicolae_vaults_rhombus_5, nicolae_vaults_layer_cake_slice,
          nicolae_vaults_wine_cellar, nicolae_vaults_closet_pinwheel_1,
          nicolae_vaults_yaktaur_gun_rack, layout_vaults_omnigrid, serial_shops,
          nicolae_shop_pleasant_corner_grove, uniq_nikola, uniq_saint_roka
Vaults:2: nicolae_vaults_house_2, v_misc_10, hangedman_vaults_capsules,
          v_misc_9, nicolae_vaults_little_squares_3,
          hangedman_vaults_hard_town_square, hangedman_vaults_maws,
          nicolae_vaults_border_crossing, ontoclasm_vaults_gateway,
          grunt_vaults_bifocal, nicolae_vaults_six-pack, nicolae_vaults_house_3,
          nicolae_vaults_little_squares_5, nicolae_vaults_diamond_1,
          layout_vaults_omnicross, uniq_zenata
Vaults:3: minmay_crypt_entry_simple_round, v_rooms_6, vaults_room_semicircle,
          v_misc_2, vaults_room_corners, nicolae_vaults_offset_grid_hallway_3,
          layout_vaults_big_room, serial_shops, shop, shop, uniq_aizul,
          uniq_margery
Vaults:4: nicolae_vaults_big_angled_halls, nicolae_vaults_tetromino_T_2,
          nicolae_vaults_lightning_bolt, nicolae_vaults_trapezoid_1,
          vaults_room_grunt_arrival_ludios, nicolae_vaults_tetromino_Z_2,
          nicolae_vaults_trapezoid_3, nicolae_vaults_angled_halls,
          nicolae_vaults_three_branches, nicolae_vaults_little_squares_4,
          v_misc_16, hangedman_vaults_stagger,
          nicolae_vaults_security_offices_5, vaults_room_semicircle,
          nicolae_vaults_little_squares_2, layout_vaults_omnibox
Vaults:5
Crypt:1:  layout_regular_city, grunt_crypt_arrival_webbed, lemuel_upstairs_altar
Crypt:2:  layout_misc_corridors, gammafunk_ghost_arena, feat_on_display
Crypt:3:  lightli_unholy_cathedral, layout_chaotic_city,
          tomb_entry_sphere_bobbens, gammafunk_ghost_split, uniq_khufu,
          uniq_grunn
Depths:1: layout_roguey, hell_entry, serial_shops, bzr_in_the_mist,
          grunt_pan_entry_zigzag, grunt_decor_junction, fedhas_altar_4,
          serial_bayou_shore_b
Depths:2: dreamdust_merry_men, layout_cross, serial_bayou, serial_bayou_shore_b,
          serial_bayou_pond_e, serial_bayou_pond_b, serial_bayou_shore_b,
          serial_bayou_ford_a, nicolae_gozag_seed_capital,
          rand_demon_pan_entry_1, hangedman_coc_ice_floe,
          nicolae_shop_distant_corner_stores, infiniplex_staircase_door_maze,
          firewood_loft, uniq_bai_suzhen
Depths:3: grunt_twisty_corner, layout_gridlike, enter_ziggurat_c, abyss_entry,
          grunt_mini_vestibule
Depths:4: evilmike_zot_entry_argh, layout_cave_pools, abyss_entry,
          gammafunk_ghost_wrathful_warriors, bloody_trog,
          hangedman_tar_grid_catacomb
Hell
Dis:1:    layout_jigsaw, nicolae_dis_big_boring_drill
Dis:2:    layout_subdivisions
Geh:1:    nicolae_geh_split_lavaduct, layout_gehenna_pools_triple
Geh:2:    layout_gehenna_pools_basic, nicolae_geh_lavax
Geh:3:    layout_gehenna_pools_box, nicolae_geh_single_fiery_grave
Geh:4:    layout_gehenna_lava_caves
Geh:5:    layout_gehenna_lava_caves
Geh:6:    layout_gehenna_pools_box
Geh:7:    geh_grunt_pentagon
Coc:1:    nicolae_coc_three_mouths, layout_cocytus_water_paths
Coc:2:    layout_ice_bergs
Coc:3:    layout_cocytus_delve
Tar:1:    layout_grid_maze, nicolae_tar_cuneiform_bird
Tar:2:    layout_cathedral_of_symmetry
Tar:3:    layout_grid_maze, nicolae_tar_honey_rotating
Tar:4:    nicolae_tar_fifth_circle, layout_cathedral_of_symmetry
Tar:5:    nicolae_tar_tart_auras, layout_cathedral_of_symmetry
Tar:6:    layout_catacombs
Tar:7:    tar_mu [tar_mu_maze]
Zot:1:    layout_twisted_circle, st_large_dragon_hoard_3
Zot:2:    layout_cellular_growth, hangedman_player_shredder
Zot:3:    layout_misc_corridors
Zot:4:    layout_gridlike, lemuel_baited_zot_trap, grunt_megastairs_5,
          lemuel_elevator
Zot:5:    layout_cathedral_of_symmetry, st_stairs_4, guppyfry_library_mini

Skill      XL: |  1  2  3  4  5  6  7  8  9 10 11 12 13 14 15 16 17 18 19 20 21 22 23 24 25 26 27 |
---------------+----------------------------------------------------------------------------------+-----
Armour         | 1 2 3 4 5 7 8 11 12 14 15 16 17 18 19 20 21 25 27 | 27.0
Fighting       | 3 4 5 6 8 9 10 11 13 15 16 18 19 20 21 22 23 24 27 | 27.0
Axes           | 5 6 7 9 11 17 19 25 | 25.6
Invocations    | 4 6 8 11 13 15 17 19 20 21 22 23 24 27 | 27.0
Shields        | 5 13 17 19 21 | 21.1
Poison Magic   | 5 9 11 | 11.9
Dodging        | 5 7 8 10 11 12 22 | 22.7
Maces & Flails | 5 |  5.9
Long Blades    | 6 10 20 | 20.3
Polearms       | 6 10 15 | 15.9
Transmutations | 7 12 | 12.1
Spellcasting   | 13 | 13.9
Hexes          | 8 |  8.9
Ice Magic      | 8 |  8.1
Air Magic      | 7 |  7.4
Throwing       | |  1.7

Action                     |  1- 3 |  4- 6 |  7- 9 | 10-12 | 13-15 | 16-18 | 19-21 | 22-24 | 25-27 || total
---------------------------+-------+-------+-------+-------+-------+-------+-------+-------+-------++-------
  Melee: War axe           |    85 |   170 |   311 |    33 |       |       |       |       |       ||   599
         Punch             |     1 |     1 |     6 |     6 |    16 |     1 |       |       |       ||    31
         Broad axe         |       |       |       |   417 |   801 |   968 |   973 |  1014 |   803 ||  4976
         Flail             |       |       |       |       |    22 |       |       |       |       ||    22
         Headbutt          |       |       |       |       |       |    56 |   357 |    79 |       ||   492
         Sacred scourge    |       |       |       |       |       |       |     2 |   194 |  1204 ||  1400
         Labrys            |       |       |       |       |       |       |       |       |  1543 ||  1543
  Throw: Throwing net      |       |     5 |     1 |       |       |       |       |       |     3 ||     9
         Dart              |       |       |     1 |     7 |       |       |       |       |       ||     8
         Javelin           |       |       |     1 |       |       |       |       |       |       ||     1
   Cast: Airstrike         |       |       |       |       |       |       |       |       |     5 ||     5
 Invoke: Divine Shield     |       |       |       |     3 |    17 |    17 |     7 |     3 |    17 ||    64
         Cleansing Flame   |       |       |       |       |     3 |    39 |    55 |    75 |   284 ||   456
         Brand Weapon With |       |       |       |       |       |       |     1 |       |       ||     1
         Summon Divine War |       |       |       |       |       |       |       |       |     5 ||     5
  Evoke: Wand              |       |       |     2 |     6 |    15 |     2 |       |     5 |     8 ||    38
    Use: Scroll            |     3 |    12 |     2 |    12 |    16 |     9 |     7 |     9 |    38 ||   108
         Potion            |       |     2 |    11 |    11 |    10 |    11 |     8 |     3 |    31 ||    87
   Stab: Held in net/web   |       |     2 |       |       |       |       |       |       |       ||     2
 Armour: Scale mail        |    39 |    81 |   132 |       |       |       |       |       |       ||   252
         Leather armour    |     2 |       |       |       |       |       |       |       |       ||     2
         Skin              |       |    13 |    12 |     8 |       |       |       |       |       ||    33
         Chain mail        |       |       |    30 |   259 |   481 |   620 |   538 |   623 |  1155 ||  3706
  Dodge: Dodged            |    63 |    90 |   114 |   203 |   291 |   331 |   398 |   540 |  1190 ||  3220
  Block: Other             |       |       |       |    20 |   170 |    14 |       |       |       ||   204
         Buckler           |       |       |       |       |       |   416 |   381 |   328 |       ||  1125
         Kite shield       |       |       |       |       |       |       |       |   233 |  2708 ||  2941
         Reflection        |       |       |       |       |       |       |       |    28 |    76 ||   104
Riposte: Broad axe         |       |       |       |       |       |       |       |    79 |   311 ||   390
         Labrys            |       |       |       |       |       |       |       |       |   496 ||   496
         Sacred scourge    |       |       |       |       |       |       |       |       |   310 ||   310
